[Event "Titled Tuesday Blitz July 26 Late 2022"]
[White "Clawitter, Craig"]
[Black "Winkels, Marcel"]
[WhiteFideId "2023105"]
[BlackFideId "1003887"]
[WhiteElo "2193"]
[BlackElo "1900"]
[Result "1-0"]
[Round "11"]
[TimeControl "180+1"]
[Date "2022.07.27"]
[WhiteClock "0:00:16"]
[BlackClock "0:00:22"]

1. e4 c5 2. Nf3 d6 3. d4 cxd4 4. Nxd4 Nf6 5. Nc3 a6 6. Be3 e5 7. Nb3 Be7 8. f3 Be6 9. Qd2 h5 10. Nd5 Nxd5 11. exd5 Bf5 12. c4 Nd7 13. Na5 Qc7 14. b4 O-O 15. Be2 Bh4+ 16. g3 Bf6 17. O-O e4 18. Rac1 exf3 19. Bxf3 Bg4 20. Bg2 Rfe8 21. c5 dxc5 22. d6 Qd8 23. Nxb7 Qb8 24. bxc5 Ra7 25. c6 Rxb7 26. cxb7 Ne5 27. Bb6 Be6 28. Bc7 Qa7+ 29. Qf2 Qxf2+ 30. Rxf2 Nd7 31. Bc6 Bd4 32. Bxd7 Bxf2+ 33. Kxf2 Bxd7 34. b8=Q Rxb8 35. Bxb8 Kh7 36. Rc7 Bb5 37. Rxf7 Bd7 38. Rxd7 Kg6 39. Ra7 Kf5 40. d7 Ke6 41. d8=Q Kf5 42. Qd6 1-0


[Site "https://www.chess.com"]

[Event "Titled Tuesday Blitz July 26 Late 2022"]
[White "D`Arruda, Ricardo D."]
[Black "Jin, Ashton"]
[WhiteFideId "100692"]
[BlackFideId "30931908"]
[WhiteElo "2417"]
[BlackElo "2510"]
[Result "1/2-1/2"]
[Round "11"]
[TimeControl "180+1"]
[Date "2022.07.27"]
[WhiteClock "0:00:34"]
[BlackClock "0:00:19"]

1. d4 Nf6 2. Nf3 g6 3. Nc3 d5 4. Bg5 Bg7 5. Bxf6 Bxf6 6. e4 dxe4 7. Nxe4 Bg7 8. Bc4 O-O 9. O-O b6 10. Qe2 Bb7 11. Rad1 Nd7 12. Rfe1 Nf6 13. Nxf6+ Bxf6 14. Ne5 e6 15. c3 Qe7 16. Ba6 Bc8 17. Bxc8 Raxc8 18. Qa6 c6 19. g3 Rfd8 20. Qa4 c5 21. dxc5 Rxc5 22. Rxd8+ Qxd8 23. Nd7 Rc7 24. Nxf6+ Qxf6 25. Rd1 Kg7 26. Qe8 Qe7 27. Qa8 Rd7 28. Rxd7 Qxd7 29. Kg2 a5 30. h4 h5 31. Qe4 Qd2 32. Qd4+ Qxd4 33. cxd4 Kf6 34. Kf3 Ke7 35. Ke4 Kd6 36. f3 b5 37. g4 f6 38. a3 Kc6 39. gxh5 gxh5 40. f4 b4 41. axb4 axb4 42. f5 exf5+ 43. Kxf5 Kd5 44. Kxf6 Kxd4 45. Kg5 Kd3 46. Kxh5 Kc2 47. Kg5 Kxb2 48. h5 Ka2 49. h6 b3 50. h7 b2 51. h8=Q b1=Q 52. Qa8+ Kb2 53. Qb7+ Kc1 54. Qxb1+ Kxb1 1/2-1/2


[Site "https://www.chess.com"]

[Event "Titled Tuesday Blitz July 26 Late 2022"]
[White "Daggupati, Balaji"]
[Black "Keller, Peter"]
[WhiteFideId "2090759"]
[BlackFideId "1272105"]
[WhiteElo "2714"]
[BlackElo "2275"]
[Result "1-0"]
[Round "11"]
[TimeControl "180+1"]
[Date "2022.07.26"]
[WhiteClock "0:01:17"]
[BlackClock "0:00:07"]

1. e4 e5 2. Nf3 Nc6 3. Bb5 Nf6 4. O-O Nxe4 5. d4 Nd6 6. Bg5 Be7 7. Bxe7 Qxe7 8. dxe5 Nxb5 9. a4 d6 10. axb5 Nxe5 11. Nxe5 dxe5 12. Nc3 O-O 13. Qf3 Rd8 14. Rfd1 Rd4 15. Nd5 Qd6 16. Ne3 e4 17. Rxd4 exf3 18. Rxd6 cxd6 19. gxf3 Be6 20. c3 Kf8 21. Kf1 Ke7 22. Ke2 Kd7 23. Kd3 Kc7 24. Kd4 Kb6 25. c4 Rc8 26. b4 a6 27. bxa6 bxa6 28. f4 g6 29. h4 h5 30. Ra5 Re8 31. Rg5 Re7 32. f5 gxf5 33. Rxh5 f4 34. Ng2 Rc7 35. c5+ dxc5+ 36. bxc5+ Kb5 37. Nxf4 a5 38. c6+ Kb4 39. Rc5 a4 40. Nd3+ Kb3 41. Rc3+ Ka2 42. Kc5 a3 43. Kb6 Rc8 44. c7 Kb1 45. Rxa3 Kc2 46. Nc5 1-0


[Site "https://www.chess.com"]

[Event "Titled Tuesday Blitz July 26 Late 2022"]
[White "De Gleria, Francesco"]
[Black "Toncheva, Nadya"]
[WhiteFideId "4630394"]
[BlackFideId "2924056"]
[WhiteElo "2283"]
[BlackElo "1888"]
[Result "1-0"]
[Round "11"]
[TimeControl "180+1"]
[Date "2022.07.27"]
[WhiteClock "0:00:06"]
[BlackClock "0:00:02"]

1. e4 c5 2. Nf3 Nc6 3. Bb5 e6 4. Bxc6 bxc6 5. O-O d6 6. c3 e5 7. d4 cxd4 8. cxd4 exd4 9. Nxd4 Qb6 10. Na3 Nf6 11. Nc4 Qc7 12. Bf4 Be7 13. Nxd6+ Bxd6 14. Bxd6 Qxd6 15. e5 Qd5 16. exf6 O-O 17. fxg7 Rd8 18. Nxc6 Qxd1 19. Rfxd1 Rxd1+ 20. Rxd1 Be6 21. b3 Kxg7 22. f3 Rc8 23. Nd4 Kf6 24. Kf2 Bd5 25. Ke3 Ke5 26. f4+ Kf6 27. g4 Rc3+ 28. Rd3 Rc1 29. g5+ Kg6 30. Ne2 Rh1 31. Rxd5 Rxh2 32. Rd6+ Kf5 33. Rf6+ Kg4 34. Rxf7 Rh3+ 35. Ke4 Rh2 36. Nd4 Rxa2 37. Rxh7 a5 38. g6 a4 39. bxa4 Re2+ 40. Kd5 Rd2 41. g7 Kxf4 42. g8=Q Rg2 43. Rf7+ Ke3 44. Qxg2 1-0


[Site "https://www.chess.com"]

[Event "Titled Tuesday Blitz July 26 Late 2022"]
[White "Derraugh, Geordie"]
[Black "Romanchuk, Viktor"]
[WhiteFideId "2603950"]
[BlackFideId "14109271"]
[WhiteElo "2116"]
[BlackElo "2242"]
[Result "0-1"]
[Round "11"]
[TimeControl "180+1"]
[Date "2022.07.26"]
[WhiteClock "0:01:39"]
[BlackClock "0:01:05"]

1. e4 e6 2. d4 d5 3. exd5 exd5 4. Nf3 Bd6 5. Bd3 Ne7 6. O-O Nbc6 7. c4 dxc4 8. Bxc4 O-O 9. Nc3 Bg4 10. Be3 a6 11. Ne4 Nf5 12. Rc1 Nxe3 13. fxe3 Qe7 14. Bd3 f5 15. Nf2 Qxe3 16. Qb3+ Kh8 17. Rce1 Qh6 18. Nxg4 fxg4 19. Ne5 Nxd4 20. Qxb7 Rxf1+ 21. Bxf1 Rf8 22. Qd5 Qf4 23. Nd3 Qxh2# 0-1


[Site "https://www.chess.com"]

[Event "Titled Tuesday Blitz July 26 Late 2022"]
[White "Ernst, Sipke"]
[Black "Rastbod, Ali"]
[WhiteFideId "1004689"]
[BlackFideId "12567477"]
[WhiteElo "2436"]
[BlackElo "2135"]
[Result "0-1"]
[Round "11"]
[TimeControl "180+1"]
[Date "2022.07.26"]
[WhiteClock "0:01:37"]
[BlackClock "0:01:43"]

1. d4 d5 2. c4 e6 3. Nf3 Nf6 4. g3 Be7 5. Bg2 O-O 6. Nc3 dxc4 7. Ne5 c5 8. dxc5 Qxd1+ 9. Nxd1 Bxc5 10. Nxc4 Nc6 11. Be3 Bxe3 12. Ndxe3 Bd7 13. O-O-O Rfd8 14. Kb1 Kf8 15. Nd6 Bc8 16. Bxc6 bxc6 17. Nec4 Ke7 18. f3 Ba6 19. Ne5 Rxd6 20. Rxd6 Kxd6 21. Nxf7+ Ke7 22. Ne5 Bxe2 23. Re1 Bb5 24. b3 Rc8 25. Kb2 Nd5 26. f4 g6 27. Nf3 Nb4 28. Kb1 Bd3+ 29. Kc1 Bf5 30. Kd2 Rd8+ 31. Kc3 Rd3+ 32. Kxb4 Rxf3 33. Rc1 Kd6 34. Rd1+ Rd3 35. Rg1 Rd2 36. g4 Be4 37. a4 c5+ 38. Kb5 Rb2 39. Re1 Rxb3+ 40. Ka6 Bd3+ 41. Kxa7 Ra3 42. Kb6 Rxa4 43. Re3 c4 44. h4 Rb4+ 45. Ka5 Rb1 46. Rh3 Be4 47. h5 Kc5 0-1


[Site "https://www.chess.com"]

[Event "Titled Tuesday Blitz July 26 Late 2022"]
[White "Estrada Nieto, Julian"]
[Black "Hoffmann, Asa"]
[WhiteFideId "5101018"]
[BlackFideId "2001470"]
[WhiteElo "2252"]
[BlackElo "2117"]
[Result "1-0"]
[Round "11"]
[TimeControl "180+1"]
[Date "2022.07.27"]
[WhiteClock "0:00:34"]
[BlackClock "0:00:42"]

1. e4 d6 2. d4 Nf6 3. Nc3 c6 4. Nf3 Bg4 5. Be2 e6 6. O-O d5 7. exd5 cxd5 8. Ne5 Bxe2 9. Qxe2 Nc6 10. Rd1 Bd6 11. Bg5 h6 12. Bxf6 Qxf6 13. Nxd5 exd5 14. Nxc6+ Kf8 15. Ne5 Kg8 16. Rd3 Re8 17. Rf3 Qe6 18. Re3 Qc8 19. Re1 Bxe5 20. dxe5 Re6 21. Qd3 Qc4 22. Qxc4 dxc4 23. Rd1 Kh7 24. Rd7 Rhe8 25. f4 f6 26. Rg3 R8e7 27. Rxe7 Rxe7 28. exf6 gxf6 29. Kf2 b5 30. Ra3 Kg6 31. g4 h5 32. h3 hxg4 33. hxg4 f5 34. Ra6+ Kf7 35. gxf5 Rd7 36. Ke3 Re7+ 37. Kd4 Rd7+ 38. Kc3 Rb7 39. Kb4 Kg7 40. Ra5 Rd7 41. Rxb5 Rd2 42. Rb7+ Kf6 43. Kc3 Rf2 44. Rxa7 Rf3+ 45. Kxc4 Rxf4+ 46. Kb3 Rxf5 47. c4 Ke6 48. Kb4 Kd6 49. b3 Kc6 50. Ra6+ Kb7 51. Re6 Rf2 52. a4 Re2 53. Rxe2 1-0


[Site "https://www.chess.com"]

[Event "Titled Tuesday Blitz July 26 Late 2022"]
[White "Fieberg, Samuel"]
[Black "Rego, Pedro Filipe"]
[WhiteFideId "12901717"]
[BlackFideId "1904310"]
[WhiteElo "2430"]
[BlackElo "2125"]
[Result "0-1"]
[Round "11"]
[TimeControl "180+1"]
[Date "2022.07.27"]
[WhiteClock "0:00:11"]
[BlackClock "0:00:30"]

1. d4 Nf6 2. Bf4 d5 3. e3 c5 4. Nf3 e6 5. Nbd2 Bd6 6. Bg3 O-O 7. c3 b6 8. Bd3 Ba6 9. Bxa6 Nxa6 10. O-O Nb8 11. Qe2 Nc6 12. Rfd1 Qc7 13. Rac1 Bxg3 14. hxg3 e5 15. e4 dxe4 16. Nxe4 Nxe4 17. Qxe4 exd4 18. cxd4 Rfe8 19. Qg4 Rad8 20. dxc5 Rxd1+ 21. Rxd1 bxc5 22. Rd7 Qc8 23. Qf5 Re7 24. Rxe7 Nxe7 25. Qxc8+ Nxc8 26. Ne5 f6 27. Nd3 c4 28. Nf4 Kf7 29. Kf1 Ke7 30. Ke2 Nb6 31. Kd2 g5 32. Ne2 Kd6 33. Nd4 Kd5 34. Nf5 Ke5 35. Ne3 Ke4 36. Kc3 Na4+ 37. Kxc4 Nxb2+ 38. Kb5 f5 39. Ka6 f4 40. gxf4 gxf4 41. Nd1 Nxd1 42. Kxa7 Nb2 43. Kb6 h5 44. Kb5 h4 45. f3+ Ke3 46. Kb4 Kf2 47. Kc3 Kxg2 48. Kxb2 h3 49. a4 h2 50. a5 h1=Q 51. a6 Qh7 52. Kc3 Qa7 53. Kd3 Kxf3 0-1


[Site "https://www.chess.com"]

[Event "Titled Tuesday Blitz July 26 Late 2022"]
[White "Floresvillar Gonzalez, Luis Migu"]
[Black "Fishbein, Alexander"]
[WhiteFideId "5100542"]
[BlackFideId "2000377"]
[WhiteElo "2040"]
[BlackElo "2410"]
[Result "0-1"]
[Round "11"]
[TimeControl "180+1"]
[Date "2022.07.27"]
[WhiteClock "0:00:03"]
[BlackClock "0:00:12"]

1. d4 Nf6 2. c3 e5 3. dxe5 Ng4 4. Nf3 d6 5. Bf4 Nc6 6. exd6 Bxd6 7. Bxd6 cxd6 8. h3 Nge5 9. Nbd2 O-O 10. e3 Qb6 11. Qb3 Be6 12. Qxb6 axb6 13. Nxe5 dxe5 14. Bc4 Bxc4 15. Nxc4 b5 16. Nd2 b4 17. c4 Rfd8 18. Ke2 Rac8 19. Rhd1 f5 20. f3 f4 21. Ne4 fxe3 22. Rxd8+ Rxd8 23. Kxe3 Nd4 24. Rc1 Ra8 25. a3 bxa3 26. bxa3 Rxa3+ 27. Kf2 Ra2+ 28. Kf1 Nf5 29. Rc3 h6 30. Rb3 Rc2 31. g4 Nd4 32. Rxb7 Nxf3 33. c5 Rc4 34. Rb8+ Kh7 35. Ng3 Rxc5 36. Nf5 Rc7 37. Kf2 Ng5 38. h4 Ne6 39. Ke3 Nf4 40. h5 Nd5+ 41. Ke4 Nf6+ 42. Kxe5 Nxg4+ 43. Kf4 Rc4+ 44. Kg3 Nf6 45. Rb7 Nxh5+ 46. Kh3 Rf4 47. Nd6 Kg6 48. Ne8 Rf7 49. Rb6+ Kg5 50. Rb5+ Rf5 51. Rb7 g6 52. Rb8 Rf3+ 53. Kg2 Rc3 54. Rb5+ Kg4 55. Rb6 Nf4+ 56. Kf2 Rc2+ 57. Kf1 h5 58. Nf6+ Kf5 59. Nh7 h4 60. Rf6+ Ke5 61. Rf8 h3 62. Nf6 h2 63. Ng4+ Ke4 64. Nxh2 Rxh2 65. Kg1 Rb2 66. Kf1 g5 67. Kg1 Kf3 68. Rb8 Rxb8 0-1


[Site "https://www.chess.com"]

[Event "Titled Tuesday Blitz July 26 Late 2022"]
[White "Grischuk, Alexander"]
[Black "Jacobson, Brandon"]
[WhiteFideId "4126025"]
[BlackFideId "30901561"]
[WhiteElo "2762"]
[BlackElo "2362"]
[Result "1-0"]
[Round "11"]
[TimeControl "180+1"]
[Date "2022.07.26"]
[WhiteClock "0:00:07"]
[BlackClock "0:00:01"]

1. d4 Nf6 2. c4 e6 3. Nc3 d5 4. cxd5 exd5 5. Bg5 c6 6. Qc2 h6 7. Bh4 Be7 8. e3 O-O 9. Bd3 Re8 10. Nge2 a5 11. O-O Na6 12. a3 Nc7 13. f3 Ne6 14. Rad1 b5 15. Kh1 Ba6 16. Bf5 b4 17. Na4 bxa3 18. Bxe6 fxe6 19. bxa3 Bxa3 20. Rf2 Bc4 21. Nf4 Ra7 22. Qg6 Rf7 23. Ra1 Bf8 24. Nh5 Be7 25. Bxf6 Bxf6 26. Nc5 e5 27. Rb2 exd4 28. Rb7 Ree7 29. Ne6 Bd3 30. Nxf6+ Rxf6 31. Nxd8 Rxg6 32. Rxe7 dxe3 33. Rxe3 Bc4 34. Re6 Rg5 35. Nxc6 d4 36. Re5 Rg6 37. Ne7+ 1-0


[Site "https://www.chess.com"]

[Event "Titled Tuesday Blitz July 26 Late 2022"]
[White "Helin, Mikael"]
[Black "Hartikainen, Jarmo"]
[WhiteFideId "1703838"]
[BlackFideId "503134"]
[WhiteElo "1787"]
[BlackElo "2083"]
[Result "1/2-1/2"]
[Round "11"]
[TimeControl "180+1"]
[Date "2022.07.27"]
[WhiteClock "0:00:37"]
[BlackClock "0:00:07"]

1. e4 c5 2. c4 Nc6 3. Nc3 g6 4. g3 Bg7 5. Bg2 e6 6. Nge2 Nge7 7. d3 d6 8. Be3 O-O 9. Qd2 Nd4 10. h4 Nec6 11. h5 Nxe2 12. Nxe2 Nd4 13. Bh6 Nc2+ 14. Kd1 Nxa1 15. hxg6 fxg6 16. Bxg7 Kxg7 17. Qh6+ Kf6 18. f4 Ke7 19. Qxh7+ Rf7 20. Qxg6 Bd7 21. f5 Qg8 22. f6+ Rxf6 23. Rh7+ Rf7 24. Rxf7+ Qxf7 25. Qg5+ Qf6 26. Qg4 Qxb2 27. e5 Qxe5 28. Nf4 Be8 29. Bxb7 Rb8 30. Qh4+ Qf6 31. Qh7+ Bf7 32. Be4 Rb1+ 33. Ke2 Rb2+ 34. Kf3 e5 35. Bd5 exf4 36. Bxf7 Qxf7 37. Qh4+ Kd7 38. gxf4 Kc7 39. Qh8 Qe6 40. Qxb2 Qe1 41. Qg7+ Kc6 42. Qh7 Nc2 43. Qe4+ Qxe4+ 44. dxe4 Nd4+ 45. Kg4 a5 46. f5 a4 47. Kg5 Kd7 48. Kg6 Ke8 49. Kg7 a3 50. Kf6 Kf8 51. e5 dxe5 52. Kxe5 Kf7 53. Kd5 Nxf5 54. Kxc5 Ke7 55. Kb4 Kd6 56. Kxa3 Kc5 57. Kb3 Nd6 58. a4 Nxc4 59. Kc3 Na5 60. Kd3 Kb4 61. Kd4 Kxa4 1/2-1/2


[Site "https://www.chess.com"]

[Event "Titled Tuesday Blitz July 26 Late 2022"]
[White "Howell, David W L"]
[Black "Andreikin, Dmitry"]
[WhiteFideId "410608"]
[BlackFideId "4158814"]
[WhiteElo "2559"]
[BlackElo "2736"]
[Result "1/2-1/2"]
[Round "11"]
[TimeControl "180+1"]
[Date "2022.07.26"]
[WhiteClock "0:00:18"]
[BlackClock "0:00:26"]

1. e4 c5 2. Nf3 e6 3. b3 b6 4. Bb2 Bb7 5. Nc3 Nf6 6. Qe2 Nc6 7. O-O-O Be7 8. Kb1 d6 9. d4 cxd4 10. Nxd4 Rc8 11. g4 Nxd4 12. Rxd4 e5 13. Rc4 Rxc4 14. Qxc4 O-O 15. f3 d5 16. exd5 Nxd5 17. Nxd5 Bxd5 18. Qd3 f6 19. Be2 Qa8 20. Rd1 Rd8 21. Qe3 Bf7 22. Rxd8+ Qxd8 23. h4 Bc5 24. Qc1 h6 25. h5 a5 26. a4 Qd6 27. Qf1 Kf8 28. Bd3 Bd4 29. Be4 Bxb2 30. Kxb2 Qd4+ 31. Kb1 Bd5 32. Bxd5 Qxd5 33. Qe2 Qd4 34. Ka2 Ke7 35. Qa6 Qf2 36. Qb7+ Kf8 37. Qc8+ Kf7 38. Qc4+ Kf8 39. Qc8+ Kf7 40. Qc4+ Kf8 41. Qc8+ 1/2-1/2


[Site "https://www.chess.com"]

[Event "Titled Tuesday Blitz July 26 Late 2022"]
[White "Isajevsky, Anton"]
[Black "Bogaudinov, Rushan"]
[WhiteFideId "4142500"]
[BlackFideId "4129288"]
[WhiteElo "2510"]
[BlackElo "2010"]
[Result "0-1"]
[Round "11"]
[TimeControl "180+1"]
[Date "2022.07.27"]
[WhiteClock "0:00:01"]
[BlackClock "0:00:26"]

1. e4 a6 2. c4 e6 3. Nc3 d6 4. f4 Be7 5. Nf3 Nf6 6. d4 c5 7. dxc5 dxc5 8. Qxd8+ Bxd8 9. e5 Ng8 10. Be3 Be7 11. Ne4 Nd7 12. O-O-O Nh6 13. g3 Nf5 14. Bf2 h5 15. Bg2 f6 16. exf6 gxf6 17. Rhe1 Kf7 18. h3 Rg8 19. Bh1 Rb8 20. Rg1 b5 21. g4 hxg4 22. hxg4 Ng7 23. g5 Ne8 24. gxf6 Rxg1 25. Rxg1 Bxf6 26. Nxf6 Nexf6 27. Ng5+ Ke7 28. Re1 Rb6 29. f5 e5 30. cxb5 axb5 31. Ne6 Ra6 32. Nxc5 Rxa2 33. Kb1 Ra5 34. Nb3 Ra4 35. Nd4 Kf7 36. Nxb5 Ba6 37. Nd6+ Ke7 38. Rd1 Rf4 0-1


[Site "https://www.chess.com"]

[Event "Titled Tuesday Blitz July 26 Late 2022"]
[White "Janaszak, Dawid"]
[Black "Djordjevic, Vuk"]
[WhiteFideId "1119206"]
[BlackFideId "902098"]
[WhiteElo "2199"]
[BlackElo "2456"]
[Result "0-1"]
[Round "11"]
[TimeControl "180+1"]
[Date "2022.07.26"]
[WhiteClock "0:00:03"]
[BlackClock "0:00:59"]

1. d4 Nf6 2. Nf3 e6 3. Bf4 d5 4. e3 Bd6 5. Nbd2 Bxf4 6. exf4 Qd6 7. g3 b6 8. c3 c5 9. Bb5+ Bd7 10. Bd3 c4 11. Bc2 b5 12. Qe2 b4 13. Ne5 bxc3 14. bxc3 Qa3 15. O-O Qxc3 16. Ndf3 O-O 17. Rfc1 Qa3 18. g4 Ba4 19. Bxa4 Qxa4 20. Nd2 Nc6 21. g5 Nxd4 22. Qe3 Nf5 23. Qc3 Nd7 24. Ng4 f6 25. Nf3 Qc6 26. Re1 Qd6 27. Qd2 Nc5 28. gxf6 Ne4 29. Qb2 Qxf4 30. Nge5 Rxf6 31. Qb7 Raf8 32. h3 Nh4 33. Re3 Nxf2 34. Kxf2 Nxf3 35. Nxf3 Qh2+ 36. Ke1 Qh1+ 37. Ke2 Qxa1 38. Ne5 Rf2# 0-1


[Site "https://www.chess.com"]

[Event "Titled Tuesday Blitz July 26 Late 2022"]
[White "Jimenez, Joaquin"]
[Black "Gonzalez Vega, Alejandro"]
[WhiteFideId "109860"]
[BlackFideId "3510042"]
[WhiteElo "2163"]
[BlackElo "2246"]
[Result "1-0"]
[Round "11"]
[TimeControl "180+1"]
[Date "2022.07.27"]
[WhiteClock "0:00:19"]
[BlackClock "0:00:09"]

1. e4 c5 2. Nf3 a6 3. b4 cxb4 4. a3 d5 5. exd5 Nf6 6. axb4 Nxd5 7. b5 e6 8. bxa6 Nxa6 9. c4 Nf6 10. d4 Bd6 11. Bd3 O-O 12. O-O Bd7 13. c5 Be7 14. Bd2 Nc7 15. Rxa8 Qxa8 16. Nc3 Ncd5 17. Nxd5 Nxd5 18. Qe2 Bf6 19. Ne5 Bc6 20. Qe4 g6 21. Bh6 Re8 22. Qf3 Qd8 23. Be4 Qe7 24. g3 Bg7 25. Bxg7 Kxg7 26. Nxc6 bxc6 27. Re1 Qd8 28. Qb3 Re7 29. Qa4 Qd7 30. h4 h5 31. Bg2 Re8 32. Qc2 Rc8 33. Qe4 Qc7 34. Rb1 Rb8 35. Re1 Rb4 36. Ra1 Ne7 37. Ra8 Qd7 38. Qe5+ f6 39. Qd6 Rxd4 40. Qb8 f5 41. Qh8+ Kf7 42. Rf8# 1-0


[Site "https://www.chess.com"]

[Event "Titled Tuesday Blitz July 26 Late 2022"]
[White "Jorquera, Marcelo"]
[Black "Rosen, Eric"]
[WhiteFideId "3401197"]
[BlackFideId "2032562"]
[WhiteElo "2136"]
[BlackElo "2362"]
[Result "1-0"]
[Round "11"]
[TimeControl "180+1"]
[Date "2022.07.27"]
[WhiteClock "0:00:22"]
[BlackClock "0:00:04"]

1. e4 e5 2. Nc3 Nf6 3. f4 d5 4. fxe5 Nxe4 5. d3 Qh4+ 6. g3 Nxg3 7. Nf3 Qh5 8. Nxd5 Nxh1 9. Nxc7+ Kd8 10. Nxa8 Bg4 11. Bg2 Nc6 12. d4 Kc8 13. Be3 Kb8 14. c3 Be7 15. Kf1 Kxa8 16. Bxh1 Rd8 17. Qe2 f6 18. exf6 Bxf6 19. Kg1 Re8 20. Qf2 Qg6 21. Bg2 Ne7 22. Bf4 Nd5 23. Bg3 h5 24. Nh4 Bxh4 25. Bxh4 Ne3 26. Re1 Nxg2 27. Rxe8+ Qxe8 28. Kxg2 Qe4+ 29. Kg1 Qb1+ 30. Kg2 Qg6 31. Qf8+ Bc8+ 32. Bg3 h4 33. Qxc8# 1-0


[Site "https://www.chess.com"]

[Event "Titled Tuesday Blitz July 26 Late 2022"]
[White "Kopczynski, Michal"]
[Black "Agasarov, Benik"]
[WhiteFideId "1124200"]
[BlackFideId "13314823"]
[WhiteElo "2235"]
[BlackElo "2615"]
[Result "1-0"]
[Round "11"]
[TimeControl "180+1"]
[Date "2022.07.26"]
[WhiteClock "0:00:15"]
[BlackClock "0:00:12"]

1. e4 c5 2. d4 cxd4 3. c3 dxc3 4. Nxc3 Nc6 5. f4 d6 6. Nf3 g6 7. Bc4 Bg7 8. O-O Nf6 9. Kh1 O-O 10. Qe1 Bg4 11. Be3 Bxf3 12. Rxf3 Rc8 13. Bb3 Na5 14. Bc2 Nc4 15. Bc1 a6 16. Qh4 b5 17. Rh3 h5 18. f5 Ne5 19. Bb3 b4 20. Ne2 d5 21. exd5 Nxd5 22. fxg6 fxg6 23. Bg5 Qd7 24. Nf4 e6 25. Nxg6 Nxg6 26. Qxh5 Ndf4 27. Qh7+ Kf7 28. Bxf4 Nxf4 29. Rg3 Qd4 30. Rd1 Rh8 31. Rxg7+ Kf6 32. Rxd4 Rc1+ 33. Bd1 Rxh7 34. Rxh7 e5 35. Rd6+ Kg5 36. g3 Ne2 37. h4+ Kg4 38. Kg2 Rxd1 39. Rxd1 Nd4 40. Rxd4+ exd4 41. Rd7 b3 42. Rxd4+ Kh5 43. axb3 a5 44. Ra4 Kg6 45. Rxa5 Kh6 46. Kf3 Kg6 47. b4 Kh6 48. b5 Kg6 49. b6 Kf7 50. b7 Ke6 51. b8=Q Kd7 52. Ra6 Ke7 53. Qb7+ Kf8 54. Ra8# 1-0


[Site "https://www.chess.com"]

[Event "Titled Tuesday Blitz July 26 Late 2022"]
[White "Korchmar, Vasiliy"]
[Black "Nozdrachev, Leonid"]
[WhiteFideId "24131750"]
[BlackFideId "24113433"]
[WhiteElo "2370"]
[BlackElo "2100"]
[Result "1-0"]
[Round "11"]
[TimeControl "180+1"]
[Date "2022.07.26"]
[WhiteClock "0:00:05"]
[BlackClock "0:00:03"]

1. e4 d6 2. d4 Nf6 3. Bd3 e5 4. c3 Nc6 5. d5 Ne7 6. c4 Ng6 7. Nc3 Be7 8. Nge2 Nd7 9. Ng3 Bg5 10. Nce2 Nc5 11. Bc2 a5 12. Bxg5 Qxg5 13. Qd2 Nf4 14. Nxf4 exf4 15. O-O-O a4 16. a3 Nb3+ 17. Bxb3 axb3 18. Ne2 Qxg2 19. Qxf4 Qg4 20. Qe3 Qh5 21. Rhg1 O-O 22. Rg5 Qh4 23. Rdg1 g6 24. Nf4 Ra4 25. Kb1 Rxc4 26. Nh5 Rc2 27. Qxb3 Rxf2 28. Qc3 Qxe4+ 29. Ka1 Qe2 30. Nf6+ Rxf6 31. Qxf6 Qe4 32. h4 Re8 33. h5 Bh3 34. h6 1-0


[Site "https://www.chess.com"]

[Event "Titled Tuesday Blitz July 26 Late 2022"]
[White "Kovacevic, Radmila"]
[Black "Sibilio, Mario"]
[WhiteFideId "933171"]
[BlackFideId "800422"]
[WhiteElo "2157"]
[BlackElo "2296"]
[Result "0-1"]
[Round "11"]
[TimeControl "180+1"]
[Date "2022.07.27"]
[WhiteClock "0:00:16"]
[BlackClock "0:00:39"]

1. e4 c5 2. Nf3 b6 3. d4 cxd4 4. Nxd4 Bb7 5. Nc3 a6 6. Bd3 e6 7. O-O Qc7 8. Be3 Nf6 9. h3 Nc6 10. Nxc6 Bxc6 11. Re1 Bd6 12. Nd5 Nxd5 13. exd5 Bxd5 14. Bd4 h5 15. Bxg7 Rg8 16. Qxh5 Bh2+ 17. Kf1 Bxg2+ 18. Kxg2 Rxg7+ 19. Kf3 Qf4+ 20. Ke2 Ke7 21. Rad1 Rg5 22. Qh7 Re5+ 23. Kf1 Bg3 24. Rd2 Qxd2 25. Re2 Qd1+ 26. Kg2 Rxe2 27. Bxe2 Qxe2 28. Kxg3 Qe5+ 29. Kg2 Rh8 30. Qd3 Qd5+ 31. Qxd5 exd5 32. c3 d4 33. cxd4 Kd6 34. Kh2 Kd5 35. Kg3 Kxd4 36. f4 Ke3 37. f5 d5 38. f6 d4 39. Kg4 d3 40. h4 d2 41. b4 d1=Q+ 42. Kf5 Rh5# 0-1


[Site "https://www.chess.com"]

[Event "Titled Tuesday Blitz July 26 Late 2022"]
[White "Kujawski, Adam"]
[Black "Ardila, Oscar Humberto"]
[WhiteFideId "1100920"]
[BlackFideId "4404742"]
[WhiteElo "1972"]
[BlackElo "1956"]
[Result "0-1"]
[Round "11"]
[TimeControl "180+1"]
[Date "2022.07.27"]
[WhiteClock "0:00:02"]
[BlackClock "0:00:18"]

1. e4 e5 2. Nf3 Nf6 3. Nc3 Nc6 4. Bb5 Bb4 5. O-O O-O 6. d3 d6 7. Ne2 Ne7 8. c3 Ba5 9. Ng3 Ng6 10. Nf5 Bxf5 11. exf5 Ne7 12. Nh4 c6 13. Ba4 Qd7 14. Qf3 d5 15. Bg5 e4 16. Qh3 exd3 17. Bxf6 gxf6 18. Qxd3 Bc7 19. g3 Rfe8 20. Rae1 Kg7 21. f4 Bb6+ 22. Kg2 Nc8 23. c4 d4 24. b4 Rxe1 25. Rxe1 Ne7 26. Bd1 Rd8 27. c5 Bc7 28. Re4 b6 29. Bf3 bxc5 30. bxc5 Ba5 31. Kh1 Bc3 32. g4 Nd5 33. g5 Rb8 34. Kg2 Rb2+ 35. Kh3 Qc7 36. Ng2 Qa5 37. Bh5 Qxa2 38. gxf6+ Kxf6 39. Re2 Rxe2 40. Bxe2 Qd2 41. Qxd2 Bxd2 42. Kg4 a5 43. Bc4 Nc3 44. Kf3 a4 0-1


[Site "https://www.chess.com"]

[Event "Titled Tuesday Blitz July 26 Late 2022"]
[White "Lashkin, Jegor"]
[Black "Domingo Nunez, Ruben"]
[WhiteFideId "13907808"]
[BlackFideId "22245570"]
[WhiteElo "2368"]
[BlackElo "2373"]
[Result "1-0"]
[Round "11"]
[TimeControl "180+1"]
[Date "2022.07.26"]
[WhiteClock "0:02:09"]
[BlackClock "0:01:00"]

1. d4 g6 2. c4 Bg7 3. Nf3 d6 4. Nc3 Nd7 5. e4 e5 6. Be2 Ne7 7. O-O O-O 8. Be3 Re8 9. Qd2 a5 10. Rad1 Nc6 11. b3 Nf8 12. d5 Ne7 13. c5 f5 14. cxd6 cxd6 15. Na4 f4 16. Bb6 Qd7 17. Bxa5 Ra7 18. Nb6 Qd8 19. Nc4 Qd7 20. Bb4 Ra6 21. a4 Qc7 22. Na3 Ra8 23. Nb5 Qb6 24. Nxd6 1-0


[Site "https://www.chess.com"]

[Event "Titled Tuesday Blitz July 26 Late 2022"]
[White "Lewtak, Damian"]
[Black "Matinian, Nikita"]
[WhiteFideId "1141724"]
[BlackFideId "24129100"]
[WhiteElo "2359"]
[BlackElo "2422"]
[Result "1/2-1/2"]
[Round "11"]
[TimeControl "180+1"]
[Date "2022.07.26"]
[WhiteClock "0:00:04"]
[BlackClock "0:00:02"]

1. e4 c5 2. Nf3 d6 3. Bb5+ Nd7 4. c3 Nf6 5. Qe2 g6 6. Ba4 Bg7 7. O-O O-O 8. d4 e5 9. dxc5 Nxc5 10. Bc2 d5 11. Be3 Ncxe4 12. Nxe5 Re8 13. Bd4 Qd6 14. f3 Nc5 15. Qf2 Ne6 16. Ba4 Nxd4 17. cxd4 Re7 18. Nc3 a6 19. Rfe1 Bf5 20. Re2 h5 21. Rae1 Rc7 22. Bb3 b5 23. h3 Rac8 24. g4 hxg4 25. hxg4 Bd7 26. g5 Nh5 27. Nxd5 Rc1 28. Nxf7 Rxe1+ 29. Rxe1 Kxf7 30. Ne7+ Kf8 31. Kh1 Bxd4 32. Qh4 Rd8 33. Nxg6+ Qxg6 34. Qxd4 Ng3+ 35. Kg1 Ne2+ 36. Rxe2 Qxg5+ 37. Kf2 Be6 38. Qh8+ Bg8 39. Bxg8 Qc5+ 40. Kg2 Qg5+ 41. Kh2 Qf4+ 42. Kg2 Qg5+ 43. Kf2 Qc5+ 44. Kg2 Qg5+ 1/2-1/2


[Site "https://www.chess.com"]

[Event "Titled Tuesday Blitz July 26 Late 2022"]
[White "Madaminov, Mukhiddin"]
[Black "Vovk, Orest"]
[WhiteFideId "14210703"]
[BlackFideId "14113490"]
[WhiteElo "2011"]
[BlackElo "2203"]
[Result "1-0"]
[Round "11"]
[TimeControl "180+1"]
[Date "2022.07.26"]
[WhiteClock "0:01:12"]
[BlackClock "0:00:05"]

1. d4 h6 2. Nc3 g5 3. e4 Bg7 4. h4 c5 5. dxc5 Bxc3+ 6. bxc3 Qa5 7. Qd4 Nf6 8. Qb4 Qxb4 9. cxb4 g4 10. f3 Nc6 11. c3 gxf3 12. gxf3 a5 13. b5 Ne5 14. Bf4 d6 15. cxd6 exd6 16. O-O-O Ke7 17. Be2 Be6 18. Kb2 a4 19. a3 Rag8 20. Rh2 Nh5 21. Be3 Ng3 22. f4 Ng4 23. Bxg4 Rxg4 24. e5 dxe5 25. Nf3 e4 26. Bc5+ Kf6 27. Ne5 Rxf4 28. Bd4 Kf5 29. Rg1 Ne2 30. Rxe2 Rd8 31. Kc1 f6 32. Ng6 Bc4 33. Nxf4 1-0


[Site "https://www.chess.com"]